 Seeded DCSS version 0.30.0-18-gc0e69614cb (webtiles) character file.

Game seed: 4094081560370531827 (custom seed)

763 IndexError the Magician (level 8, -5/50 HPs)
             Began as a Djinni Earth Elementalist on May 23, 2023.
             Slain by an orc warrior
             ... wielding a +0 war axe
              (7 damage)
             ... on level 6 of the Dungeon.
             The game lasted 00:08:38 (4296 turns).

IndexError the Magician (Djinni Earth Elementalist) Turns: 4296, Time: 00:08:38

Health: -5/50      AC:  2    Str:  7    XL:     8   Next: 8%
Gold:   328        EV: 12    Int: 20    God:
                   SH:  5    Dex: 19

rFire   + + .        b - +0 sling
rCold   x . .        (no shield)
rNeg    . . .        a - +0 robe
rPois   ∞            (no helmet)
rElec   .            (no cloak)
rCorr   .            (no gloves)
SInv    .            (boots unavailable)
Will    .....        d - amulet of reflection
Stlth   ++           k - ring of wizardry {Wiz+, !d}
HPRegen 0.28/turn    x - +6 ring of dexterity
MPRegen 0.00/turn

%: reflection, wizardry (x1), infuse magic (-6 HP)
@: flying, studying Fighting
A: sickness immunity, fire resistance 2, cold vulnerability 1, float, innate
caster, HP casting, extra vitality 1
a: no special abilities


You were on level 6 of the Dungeon.
You visited 2 branches of the dungeon, and saw 7 of its levels.

You collected 328 gold pieces.

Inventory:

Hand Weapons
 b - a +0 sling (weapon)
   (You found it on level 1 of the Dungeon)
Armour
 a - a +0 robe (worn)
 F - a scarf of harm
   (You found it on level 5 of the Dungeon)
Magical Staves
 p - a staff of conjuration {!a}
   (You found it on level 3 of the Dungeon)
 A - a staff of cold {rC+}
   (You found it on level 4 of the Dungeon)
Jewellery
 d - an amulet of reflection (around neck)
   (You found it on level 1 of the Dungeon)
 k - a ring of wizardry (left hand) {Wiz+, !d}
   (You found it on level 1 of the Dungeon)
 u - a ring of positive energy {rN+}
   (You found it on level 5 of the Dungeon)
 x - a +6 ring of dexterity (right hand)
   (You found it on level 3 of the Dungeon)
 D - an amulet of regeneration {+regen, !d}
   (You found it on level 4 of the Dungeon)
Wands
 y - a wand of polymorph (7)
   (You found it on level 3 of the Dungeon)
Scrolls
 e - 7 scrolls of identify {unknown}
 g - 2 scrolls of magic mapping {unknown}
 h - 3 scrolls of teleportation {unknown}
 m - a scroll of torment {unknown}
 n - 4 scrolls of vulnerability {unknown}
 o - a scroll of brand weapon {unknown}
 s - 4 scrolls of immolation {unknown}
 B - a scroll of noise {unknown}
 C - a scroll of enchant armour {unknown}
 G - a scroll of acquirement
Potions
 c - 3 potions of might {unknown}
 f - 2 potions of lignification {unknown}
 i - a potion of flight {unknown}
 j - 5 potions of curing {unknown}
 l - 2 potions of attraction {unknown}
 q - a potion of berserk rage {unknown}
 r - a potion of heal wounds {unknown}
 t - a potion of degeneration {unknown}
 v - a potion of invisibility {unknown}
 w - a potion of ambrosia {unknown}
 z - 2 potions of brilliance {unknown}
 E - a potion of haste {unknown}


   Skills:
 - Level 2.1 Dodging
 - Level 1.5 Stealth
 + Level 6.9 Spellcasting


You knew the following spells:

 Your Spells              Type           Power      Damage    Failure   Level
a - Sandblast             Erth           68%        2d15      1%          1
b - Shock                 Conj/Air       100%       1d9       1%          1
c - Petrify               Tmut/Erth      34%        N/A       2%          4
d - Scorch                Fire           68%        2d8       1%          2
e - Poisonous Vapours     Pois/Air       68%        N/A       1%          2
w - Passwall              Tmut/Erth      28%        N/A       1%          2
x - Stone Arrow           Conj/Erth      68%        3d11      1%          3
Your spell library was empty.

Dungeon Overview and Level Annotations

Branches:
Dungeon (6/15)             Temple (1/1) D:5

Altars:
Ashenzari
Cheibriados
Dithmenos
Elyvilon
Fedhas
Nemelex Xobeh
Ru
Trog
Wu Jian
Yredelemnul
Zin
The Shining One

Annotations:
D:5 3 runed translucent doors, engelados's ghost, amateur OpCj


Innate Abilities, Weirdness & Mutations

You are immune to sickness and miasma.
You are immune to poison.
Your flesh is very heat resistant. (rF++)
You are vulnerable to cold. (rC-)
You float through the air rather than walking.
You learn spells naturally, not from books.
Your magical power is your life essence.
You have superior vitality. (+4 MHP)


Message History

Energy condenses in front of engelados's ghost, but quickly dissipates.
There is an escape hatch in the floor here.
Things that are here:
a +0 spear; a +0 spear
There is a stone staircase leading down here.
You fly downwards.
There is a stone staircase leading up here.
You fly upwards.
Level annotation: 3 runed translucent doors, engelados's ghost, amateur OpCj
There is a stone staircase leading down here.
There is a stone staircase leading down here.
You fly downwards.
There is a stone staircase leading up here.
Aiming: Sandblast (safe; 1% risk of failure)
Press: ? - help, Q - select action, (/) - cycle Shift-Dir - straight line, f - orc
Aim: an orc, wielding a +0 dagger (asleep, 100% to hit)
The blast of sand hits the orc!!
Aiming: Sandblast (safe; 1% risk of failure)
Press: ? - help, Q - select action, (/) - cycle Shift-Dir - straight line, f - orc
Aim: an orc, wielding a +0 club (asleep, 100% to hit)
The blast of sand hits the orc!!
The orc wizard shouts!
The orc priest shouts!
The orc wizard points at you and mumbles some strange words.
You easily resist.
You take 1 damage, and have 44/45 hp.
Aiming: Sandblast (safe; 1% risk of failure)
Press: ? - help, Q - select action, (/) - cycle Shift-Dir - straight line, f - orc wizard
Aim: an orc wizard, wielding a +0 dagger and wearing a +0 robe (80% to hit)
The blast of sand hits the orc wizard!
The orc closely misses you.
The orc hits you from afar with a +0 trident.
You have reached level 8!
You feel clever.
Aiming: Sandblast (safe; 1% risk of failure)
Press: ? - help, Q - select action, (/) - cycle Shift-Dir - straight line, f - orc priest
Aim: an orc priest, wielding a +0 flail (84% to hit)
The blast of sand hits the orc priest!
The orc hits you from afar with a +0 trident.
You take 4 damage, and have 40/50 hp.
An orc is nearby!
Aiming: Sandblast (safe; 1% risk of failure)
Press: ? - help, Q - select action, (/) - cycle Shift-Dir - straight line, f - orc
Aim: an orc, wielding a +0 trident (84% to hit)
You miscast Sandblast.
You are very lightly contaminated with residual magic.
Nothing appears to happen.
The orc hits you from afar with a +0 trident.
You take 2 damage, and have 38/50 hp.
Aiming: Sandblast (safe; 1% risk of failure)
Press: ? - help, Q - select action, (/) - cycle Shift-Dir - straight line, f/p - orc
Aim: an orc, wielding a +0 trident (84% to hit)
The blast of sand hits the orc!
You take 1 damage, and have 37/50 hp.
You fly upwards.
Level annotation: 3 runed translucent doors, engelados's ghost, amateur OpCj
There is a stone staircase leading down here.
Your magical contamination has completely faded away.
There is an open door here.
There is an open door here.
HP restored.
There is a stone staircase leading down here.
Health restored: 50 You fly downwards.
There is a stone staircase leading up here.
You shoot a sling bullet. The sling bullet hits the orc.
You hear a shout!
An orc warrior comes into view. It is wielding a +0 war axe.
You shoot a sling bullet. The sling bullet hits the orc warrior.
Aiming: Sandblast (safe; 1% risk of failure)
Press: ? - help, Q - select action, (/) - cycle Shift-Dir - straight line, f/p - orc warrior
Aim: an orc warrior, wielding a +0 war axe and wearing a +0 chain mail (lightly wounded, 82% to hit)
The blast of sand hits the orc warrior!
An orc priest comes into view. It is wielding a +0 trident.
You take 1 damage, and have 49/50 hp.
Aiming: Sandblast (safe; 1% risk of failure)
Press: ? - help, Q - select action, (/) - cycle Shift-Dir - straight line, f/p - orc warrior
Aim: an orc warrior, wielding a +0 war axe and wearing a +0 chain mail (moderately wounded, 82% to hit)
The blast of sand hits the orc warrior!
The orc priest shouts!
Aiming: Sandblast (safe; 1% risk of failure)
Press: ? - help, Q - select action, (/) - cycle Shift-Dir - straight line, f/p - orc warrior
Aim: an orc warrior, wielding a +0 war axe and wearing a +0 chain mail (severely wounded, 82% to hit)
The blast of sand hits the orc warrior.
The orc priest calls down the wrath of Beogh upon you.
Beogh smites you! You block the orc warrior's attack.
The orc warrior hits you with a +0 war axe!
You take 18 damage, and have 31/50 hp.
MASSIVE DAMAGE!!
Aiming: Sandblast (safe; 1% risk of failure)
Press: ? - help, Q - select action, (/) - cycle Shift-Dir - straight line, f/p - orc warrior
Aim: an orc warrior, wielding a +0 war axe and wearing a +0 chain mail (severely wounded, 82% to hit)
The blast of sand hits the orc warrior.
The orc priest invokes the aid of Beogh against you.
Beogh smites you!
The orc warrior hits you with a +0 war axe!!
* * * LOW HITPOINT WARNING * * *
You take 30 damage, and have 1/50 hp.
MASSIVE DAMAGE!!
You don't have enough health to cast this spell.
The orc priest barely misses you.
The orc warrior hits you with a +0 war axe!
You die...

... .. ..
####.######
#........)
#......o#
#....o..#
#....@..#
#.......#
#########


You could see an orc warrior and an orc priest.

Vanquished Creatures
  An ogre (D:4)
  A phantom (D:4)
  2 scorpions (D:5)
  A howler monkey (D:4)
  A hound (D:4)
  2 orc priests
  2 iguanas (D:5)
  A sleepcap (D:5)
  Ijyb (D:4)
  An orc wizard (D:6)
  5 gnolls
  4 adders
  A white imp (D:5)
  2 ufetubi (D:5)
  2 worms (D:3)
  2 dart slugs (D:2)
  13 orcs
  8 endoplasms
  5 giant cockroaches
  17 goblins
  7 hobgoblins
  3 jackals (D:4)
  6 kobolds
  4 quokkas
  11 ball pythons
  6 bats
  7 frilled lizards
  10 rats
126 creatures vanquished.

Notes
Turn   | Place    | Note
-------+----------+-------------------------------------------
     0 | D:1      | IndexError the Djinni Earth Elementalist began the quest
                  | for the Orb.
     0 | D:1      | IndexError set off with the following spells memorised:
                  | Sandblast, Passwall, Stone Arrow, Petrify.
     0 | D:1      | Reached XP level 1. HP: 15/15 MP: 0/0
   123 | D:1      | Reached XP level 2. HP: 20/21 MP: 0/0
   145 | D:1      | Reached skill level 3 in Spellcasting
   145 | D:1      | Identified a scroll of acquirement
   145 | D:1      | Acquired a manual of Fighting
   278 | D:1      | Reached XP level 3. HP: 25/25 MP: 0/0
   278 | D:1      | Learned a level 1 spell: Shock
  1022 | D:2      | Reached XP level 4. HP: 31/31 MP: 0/0
  1397 | D:2      | Reached skill level 4 in Spellcasting
  1489 | D:2      | Reached XP level 5. HP: 35/35 MP: 0/0
  1489 | D:2      | Learned a level 2 spell: Scorch
  1926 | D:3      | Found a faded altar of an unknown god.
  2065 | D:3      | You are sucked into a shaft and drop 2 floors!
  2065 | D:5      | Entered Level 5 of the Dungeon
  2065 | D:5      | Found a staircase to the Ecumenical Temple.
  2070 | Temple   | Entered the Ecumenical Temple
  2106 | D:5      | Found a runed translucent gate.
  2106 | D:5      | Found a runed translucent gate.
  2108 | D:5      | Found a runed translucent gate.
  2113 | D:5      | Noticed engelados's ghost (amateur OpCj)
  2251 | D:5      | Found a white marble altar of Elyvilon.
  2287 | D:5      | Reached XP level 6. HP: 38/40 MP: 0/0
  2351 | D:4      | Reached skill level 5 in Spellcasting
  2374 | D:4      | Found an ornate altar of the Wu Jian Council.
  2374 | D:4      | Found a shadowy altar of Dithmenos.
  2375 | D:4      | Found a broken altar of Ashenzari.
  2811 | D:3      | Found a sparkling altar of Nemelex Xobeh.
  2811 | D:3      | Found a snail-covered altar of Cheibriados.
  2914 | D:4      | Noticed an ogre
  2917 | D:4      | Killed an ogre
  2918 | D:4      | Reached XP level 7. HP: 43/45 MP: 0/0
  2918 | D:4      | Learned a level 2 spell: Poisonous Vapours
  2991 | D:4      | Reached skill level 6 in Spellcasting
  3303 | D:4      | Noticed Ijyb
  3318 | D:4      | Killed Ijyb
  3902 | D:5      | Found a sacrificial altar of Ru.
  4238 | D:6      | Reached XP level 8. HP: 44/50 MP: 0/0
  4295 | D:6      | HP: 1/50 [orc warrior/+0 war axe (19)]
  4296 | D:6      | Slain by an orc warrior

Illustrated notes

Levels and vault maps discovered:
D:1:      giann_horns, layout_basic, minmay_tromino_i4
D:2:      layout_basic, minmay_vboxes
D:3:      layout_rooms, nicolae_overflow_two_pavilions,
          chequers_ecumenical_altar_lobes
D:4:      kennysheep_goblin_castle, layout_loops_ring,
          grunt_temple_overflow_open
D:5:      layout_basic, mainiacjoe_overflow_concentric_impassable,
          mainiacjoe_overflow_surrounded_room, temple_fountains,
          gammafunk_ghost_necromancy, minivault_4
D:6:      layout_rooms, minmay_joined_circles
Temple:   nicolae_temple_stand_before_the_council

Skill      XL: |  1  2  3  4  5  6  7 |
---------------+----------------------+-----
Spellcasting   | 3 4 5 6 |  6.9
Dodging        | |  2.1
Stealth        | |  1.5

Action                     |  1- 3 |  4- 6 |  7- 9 || total
---------------------------+-------+-------+-------++-------
  Melee: Sling             |       |       |     2 ||     2
   Fire: Sling             |    40 |    75 |    27 ||   142
   Cast: Sandblast         |    25 |    79 |    49 ||   153
         Shock             |       |     2 |     3 ||     5
    Use: Scroll            |     1 |       |       ||     1
 Armour: Robe              |     3 |     1 |     1 ||     5
  Dodge: Dodged            |    10 |    22 |    19 ||    51
  Block: Other             |     3 |    11 |     3 ||    17

Levels and vault maps discovered:
D:1:      giann_horns, layout_basic, minmay_tromino_i4
D:2:      layout_basic, minmay_vboxes
D:3:      layout_rooms, nicolae_overflow_two_pavilions,
          chequers_ecumenical_altar_lobes
D:4:      kennysheep_goblin_castle, layout_loops_ring,
          grunt_temple_overflow_open
D:5:      layout_basic, mainiacjoe_overflow_concentric_impassable,
          mainiacjoe_overflow_surrounded_room, temple_fountains,
          gammafunk_ghost_necromancy, minivault_4
D:6:      layout_rooms, minmay_joined_circles
Temple:   nicolae_temple_stand_before_the_council

Table legend: (Time is in decaauts)
 A = Elapsed time spent in this place.
 B = Non-inter-level travel time spent in this place.
 C = Inter-level travel time spent in this place.
 D = Time resting spent in this place.
 E = Time spent auto-exploring this place.
 F = Levels seen in this place.
 G = Mean time per level.
                   A        B        C        D        E       F      G
               +--------+--------+--------+--------+--------+-----+--------+
         Total |   4432 |   4030 |    402 |      0 |   3356 |   7 |  633.1 |
       Dungeon |   4407 |   4012 |    395 |      0 |   3342 |   6 |  734.5 |
        Temple |     24 |     17 |      7 |      0 |     14 |   1 |   24.0 |
               +--------+--------+--------+--------+--------+-----+--------+

Top non-repeatable levels by time:
     D:2: 1041 daAuts
     D:5: 964 daAuts
     D:1: 936 daAuts
     D:4: 865 daAuts
     D:3: 578 daAuts
  Temple: 24 daAuts
     D:6: 21 daAuts

Table legend:
 A = Kills in this place as a percentage of kills in the entire game.
 B = Kills by you in this place as a percentage of kills by you in the entire game.
 C = Kills by friends in this place as a percentage of kills by friends in the entire game.
 D = Other kills in this place as a percentage of other kills in the entire game.
 E = Experience gained in this place as a percentage of experience gained in the entire game.
 F = Experience gained in this place divided by the number of levels of this place that you have seen.
                   A       B       C       D       E      F
               +-------+-------+-------+-------+-------+----------------------
         Total | 100.0 | 100.0 |   N/A |   N/A | 100.0 | 155.7
       Dungeon | 100.0 | 100.0 |   N/A |   N/A | 100.0 | 181.7
               +-------+-------+-------+-------+-------+----------------------
